 Dungeon Crawl Stone Soup version 0.21-a0-41-g5e91fef (webtiles) character file.

19545 roguesci the Fighter (level 12, -3/103 HPs)
             Began as a Black Draconian Ice Elementalist on June 4, 2017.
             Was an Elder of Kikubaaqudgha.
             Slain by an enormous slime creature (55 damage)
             ... on level 12 of the Dungeon.
             The game lasted 01:09:07 (16848 turns).

roguesci the Fighter (DrIE)                        Turns: 16848, Time: 01:09:08

Health: -3/103     AC: 13    Str: 11    XL:     12   Next: 37%
Magic:  23/23      EV: 17    Int: 23    God:    Kikubaaqudgha [****..]
Gold:   588        SH: 11    Dex: 10    Spells: 8/25 levels left

rFire    . . .     SeeInvis .   A - +9 dagger of Uqum {pierce, rC+}
rCold    + . .     Gourm    .   s - +3 warlock's mirror {reflect}
rNeg     . . .     Faith    .   (armour unavailable)
rPois    +         Spirit   .   l - +1 hat {Int+3}
rElec    +         Reflect  +   v - +0 cloak {rPois}
rCorr    .         Harm     .   (no gloves)
MR       +....                  m - +2 pair of boots
Stlth    +++.......             y - +3 amulet of reflection
Regen    0.3/turn               M - +3 ring of evasion
MPRegen  0.2/turn               (no ring)

@: short of breath
A: breathe lightning, unfitting armour, clumsy 1, magic resistance 1, screaming
1, electricity resistance, no potion heal 1, cold-blooded, AC +8
a: Breathe Lightning, Receive Corpses, Renounce Religion


You were on level 12 of the Dungeon.
You worshipped Kikubaaqudgha.
Kikubaaqudgha was greatly pleased with you.
You were not hungry.

You visited 2 branches of the dungeon, and saw 13 of its levels.

You collected 700 gold pieces.
You spent 112 gold pieces at shops.

Inventory:

Hand Weapons
 r - a +5 club
 A - the +9 dagger of Uqum (weapon) {pierce, rC+}
   (You found it on level 4 of the Dungeon)

   It inflicts extra damage upon your enemies.
   It protects you from cold.
 P - a +1 falchion of holy wrath
 Q - a +1 rapier of draining
Missiles
 e - 525 stones (quivered)
 O - 2 throwing nets
Armour
 l - a +1 hat of intelligence (worn)
 m - a +2 pair of boots (worn)
 s - the +3 warlock's mirror (worn) {reflect}
   (You took it off an orc warrior on level 6 of the Dungeon)
 v - a +0 cloak of poison resistance (worn)
Jewellery
 y - a +3 amulet of reflection (around neck)
 M - a +3 ring of evasion (left hand)
Wands
 d - a wand of flame (17/48)
 g - a wand of polymorph (11/24)
 B - a wand of lightning (7/15)
 D - a wand of confusion (22/48)
 J - a wand of random effects (24/48)
 K - a wand of random effects (38/48)
 S - a wand of flame (29/48)
Scrolls
 j - 4 scrolls of amnesia
 n - 2 scrolls of identify
 o - 5 scrolls of fear
 p - 3 scrolls of fog {unknown}
 q - 2 scrolls of enchant weapon {unknown}
 w - 5 scrolls of remove curse {unknown}
 z - 3 scrolls of magic mapping {unknown}
 E - 4 scrolls of recharging {unknown}
 F - a scroll of enchant armour {unknown}
 H - 2 scrolls of noise {unknown}
 R - a scroll of torment {unknown}
Potions
 h - 4 potions of flight
 k - a potion of brilliance {unknown}
 t - 2 potions of berserk rage {unknown}
 u - a potion of resistance {unknown}
 x - a potion of invisibility
 L - 2 potions of curing
 N - a potion of agility {unknown}
Books
 a - a book of Frost

   Spells                             Type                      Level
   a - Freeze                         Ice                          1
   b - Throw Frost                    Conjuration/Ice              2
   c - Ozocubu's Armour               Charms/Ice                   3
   d - Throw Icicle                   Conjuration/Ice              4
   e - Summon Ice Beast               Ice/Summoning                4
 f - Kikubaaqudgha's Collected Works on Unholy Magic
   (Kikubaaqudgha gifted it to you on level 8 of the Dungeon)

   Spells                             Type                      Level
   a - Pain                           Necromancy                   1
   b - Corpse Rot                     Necromancy                   2
   c - Sublimation of Blood           Necromancy                   2
   d - Regeneration                   Charms/Necromancy            3
   e - Control Undead                 Necromancy                   4
 i - Kikubaaqudgha's Tome of Stolen Souls
   (Kikubaaqudgha gifted it to you on level 11 of the Dungeon)

   Spells                             Type                      Level
   a - Excruciating Wounds            Charms/Necromancy            5
   b - Bolt of Draining               Conjuration/Necromancy       5
   c - Cigotuvi's Embrace             Necromancy                   5
   d - Dispel Undead                  Necromancy                   5
   e - Death Channel                  Necromancy                   6
 G - a book of Maledictions

   Spells                             Type                      Level
   a - Corona                         Hexes                        1
   b - Ensorcelled Hibernation        Hexes/Ice                    2
   c - Confuse                        Hexes                        3
   d - Tukima's Dance                 Hexes                        3
   e - Dazzling Spray                 Conjuration/Hexes            3
 I - a book of Minor Magic

   Spells                             Type                      Level
   a - Magic Dart                     Conjuration                  1
   b - Blink                          Translocation                2
   c - Call Imp                       Summoning                    2
   d - Slow                           Hexes                        2
   e - Conjure Flame                  Conjuration/Fire             3
   f - Mephitic Cloud                 Conjuration/Poison/Air       3
Comestibles
 b - 13 bread rations
 c - a royal jelly
 C - 5 meat rations


   Skills:
 + Level 8.8 Fighting
 + Level 6.4 Short Blades
 - Level 1.4 Maces & Flails
 * Level 6.5 Dodging
 + Level 5.9 Stealth
 - Level 5.0 Shields
 * Level 7.4 Spellcasting
 + Level 6.3 Conjurations
 - Level 3.1 Hexes
 - Level 3.6 Charms
 * Level 1.8 Necromancy
 - Level 6.1 Ice Magic
 - Level 5.5 Air Magic
 - Level 5.0 Poison Magic


You had 8 spell levels left.
You knew the following spells:

 Your Spells              Type           Power        Failure   Level  Hunger
a - Freeze                Ice            ####         1%          1    None
b - Ozocubu's Armour      Chrm/Ice       ####....     3%          3    None
c - Ensorcelled Hibernat  Hex/Ice        ####..       1%          2    None
d - Confuse               Hex            ###.....     6%          3    None
e - Blink                 Tloc           N/A          11%         2    None
f - Mephitic Cloud        Conj/Pois/Air  ####....     2%          3    None
g - Regeneration          Chrm/Necr      ###.......   8%          3    None


Dungeon Overview and Level Annotations

Branches:
Dungeon (12/15)            Temple (1/1) D:7            Lair (0/6) D:8
    Orc (0/2) D:10

Altars:
Ashenzari
Cheibriados
Dithmenos
Elyvilon
Fedhas
Gozag
Hepliaklqana
Kikubaaqudgha
Makhleb
Nemelex Xobeh
Okawaru
Qazlal
Ru
Sif Muna
Trog
Uskayaw
Vehumet
Wu Jian
Xom
Zin
The Shining One

Shops:
D:7 !


Innate Abilities, Weirdness & Mutations

You can breathe wild blasts of lightning.
Your glossy black scales are hard. (AC +8)
You cannot fit into any form of body armour.
You are resistant to electric shocks. (rElec)
You are cold-blooded and may be slowed by cold attacks.
You are clumsy. (Dex -2)
You are resistant to hostile enchantments. (MR+)
You occasionally shout uncontrollably at your foes.
Potions are less effective at restoring your health.


Message History

Two slime creatures merge to form a large slime creature.
A slime creature suddenly becomes an enormous slime creature.
You fail to use your ability.
You breathe a wild blast of lightning!
You hear a mighty clap of thunder! x2
Your +3 warlock's mirror {reflect} reflects the bolt of lightning!
You feel somewhat more hungry.
The enormous slime creature completely misses you.
Okay, then.
You barely miss the enormous slime creature.
The enormous slime creature is heavily wounded.
You puncture the enormous slime creature!
The enormous slime creature is heavily wounded.
The enormous slime creature misses you.
You hit the enormous slime creature.
The enormous slime creature is heavily wounded.
The enormous slime creature hits you!!!
Ouch! That really hurt!
You die...
Kikubaaqudgha rasps: "You have failed me!
Welcome... death!"

.##...##....... #(..†#
......#......# ##.<.))
.............# #....(#
.............#####.)#.(#
..............##...#.)##
#...#..............#..#
#... #J..........#..##
#....##J............#
#.....@#............#
#.###..$.......####...
####..####.# ###.. #.##
#.# ## #.# ### #.# ###


You could see an enormous slime creature.

Vanquished Creatures
  Gastronok (D:7)
  5 two-headed ogres
  Pikel (D:6)
  The ghost of HAL9000 the Slicer, a novice VSAs of Dithmenos (D:6)
  2 ugly things (D:11)
  A cyclops (D:11)
  An elephant (D:8)
  Maurice (D:8)
  A gargoyle (D:10)
  Psyche (D:8)
  2 centaur skeletons
  The ghost of blackwizard the Caller, an amateur TrSu of Ru (D:5)
  2 trolls
  A hornet (D:9)
  Prince Ribbit (D:8)
  4 hippogriffs
  12 yaks (D:10)
  A wyvern (D:11)
  A wraith (D:11)
  A hungry ghost (D:8)
  A basilisk (D:8)
  3 vampire mosquitoes (D:12)
  Menkaure (D:6)
  Duvessa (D:5)
  Edmund (D:6)
  An acid dragon (D:11)
  6 orc warriors
  2 phantoms
  4 ice beasts
  A sky beast (D:5)
  2 necrophages
  3 slaves (D:6)
  A black bear (D:9)
  4 ogres
  The ghost of roguesci the Charmwright, an amateur DrSk (D:3)
  8 centaurs
  A crocodile (D:8)
  9 bullfrogs
  3 big kobolds
  Dowan (D:5)
  4 scorpions
  5 killer bees (D:11)
  11 wights
  3 howler monkeys
  6 crimson imps
  2 bullfrog zombies
  A quasit (D:7)
  2 hounds
  2 jellies (D:10)
  9 orc priests
  2 bullfrog skeletons
  13 orc wizards
  4 iguanas
  4 worker ants
  A hound zombie (D:7)
  Robin (D:1)
  4 gnolls (D:4)
  15 adders
  3 shadow imps
  3 oozes
  3 adder skeletons
  3 worms
  2 dart slugs
  12 leopard geckos
  51 orcs
  A ball python (D:3)
  4 bats (D:1)
  3 giant cockroaches
  7 hobgoblins
  13 jackals
  8 quokkas
  5 frilled lizards
  21 goblins
  15 kobolds
  2 leopard gecko skeletons
  A leopard gecko zombie (D:5)
  A quokka zombie (D:4)
  15 rats
357 creatures vanquished.

Vanquished Creatures (others)
  A slave (D:6)
1 creature vanquished.

Grand Total: 358 creatures vanquished

Notes
Turn   | Place    | Note
-------+----------+-------------------------------------------
     0 | D:1      | roguesci the Draconian Ice Elementalist began the quest for the Orb.
     0 | D:1      | Reached XP level 1. HP: 14/14 MP: 3/3
   490 | D:1      | Reached XP level 2. HP: 22/22 MP: 5/5
  1421 | D:1      | Reached XP level 3. HP: 24/27 MP: 6/6
  1996 | D:2      | Noticed Robin
  2054 | D:1      | Learned a level 3 spell: Ozocubu's Armour
  2094 | D:1      | Reached skill level 1 in Fighting
  2582 | D:1      | Reached skill level 1 in Shields
  2762 | D:1      | Killed Robin
  2762 | D:1      | Reached XP level 4. HP: 30/35 MP: 2/7
  3465 | D:3      | Noticed roguesci's ghost (amateur DrSk)
  3466 | D:3      | Noticed a two-headed ogre
  3763 | D:3      | Killed roguesci's ghost
  3763 | D:3      | Reached XP level 5. HP: 26/41 MP: 0/9
  4240 | D:3      | Reached skill level 2 in Fighting
  4852 | D:3      | Found a faded altar of an unknown god.
  4979 | D:4      | Reached skill level 1 in Maces & Flails
  4982 | D:4      | Reached XP level 6. HP: 32/50 MP: 4/10
  5174 | D:4      | Reached skill level 1 in Charms
  5590 | D:4      | Found an iron altar of Okawaru.
  5598 | D:4      | Got a translucent dagger
  5599 | D:4      | Identified the +9 dagger of Uqum {pierce, rC+} (You found it on level 4 of the Dungeon)
  5893 | D:5      | Entered Level 5 of the Dungeon
  5896 | D:5      | Your scales start taking on a glossy black colour.
  5896 | D:5      | Reached XP level 7. HP: 56/56 MP: 11/11
  5896 | D:5      | Gained mutation: You are resistant to electric shocks. (rElec) [Black Draconian growth]
  5933 | D:5      | Reached skill level 3 in Fighting
  6050 | D:5      | Reached skill level 1 in Short Blades
  6359 | D:5      | Noticed Duvessa
  6364 | D:5      | Noticed Dowan
  6707 | D:5      | Killed Duvessa
  6802 | D:5      | Killed Dowan
  6857 | D:5      | Noticed blackwizard's ghost (amateur TrSu)
  6878 | D:5      | Killed blackwizard's ghost
  6878 | D:5      | Reached skill level 4 in Fighting
  6878 | D:5      | Reached XP level 8. HP: 49/66 MP: 11/13
  7001 | D:5      | Found a radiant altar of Vehumet.
  7015 | D:5      | Found a blossoming altar of Fedhas.
  7045 | D:5      | Found an opulent altar of Gozag.
  7050 | D:5      | Found a shadowy altar of Dithmenos.
  7278 | D:6      | Noticed Menkaure
  7550 | D:6      | Killed Menkaure
  7575 | D:5      | HP: 1/67 [ogre/giant club (23)]
  7792 | D:5      | Reached skill level 5 in Shields
  7934 | D:6      | Learned a level 2 spell: Ensorcelled Hibernation
  7938 | D:6      | Learned a level 3 spell: Confuse
  7960 | D:6      | Noticed Edmund
  7966 | D:6      | Noticed Pikel
  8258 | D:6      | Reached skill level 5 in Fighting
  8272 | D:6      | Noticed HAL9000's ghost (novice VSAs)
  8282 | D:6      | Killed HAL9000's ghost
  8282 | D:6      | Reached skill level 1 in Hexes
  8282 | D:6      | Reached XP level 9. HP: 46/74 MP: 1/15
  8391 | D:6      | Killed Edmund
  8720 | D:6      | Killed Pikel
  8720 | D:6      | Reached skill level 6 in Fighting
  8720 | D:6      | Reached skill level 5 in Ice Magic
  9373 | D:7      | Found Dosot's Distillery.
  9400 | D:7      | Bought a potion of curing for 42 gold pieces
  9400 | D:7      | Bought a potion of heal wounds for 70 gold pieces
  9458 | D:7      | Learned a level 2 spell: Blink
  9462 | D:7      | Learned a level 3 spell: Mephitic Cloud
  9666 | D:7      | Reached XP level 10. HP: 81/83 MP: 17/17
  9678 | D:7      | Found a staircase to the Ecumenical Temple.
  9689 | Temple   | Entered the Ecumenical Temple
  9725 | Temple   | Became a worshipper of Kikubaaqudgha
 10138 | D:7      | Found a hazy altar of Hepliaklqana.
 10208 | D:7      | Noticed a two-headed ogre
 10218 | D:7      | Killed a two-headed ogre
 10218 | D:7      | Reached skill level 5 in Spellcasting
 10218 | D:7      | Reached skill level 1 in Air Magic
 10218 | D:7      | Reached skill level 1 in Poison Magic
 10259 | D:8      | Noticed Gastronok
 10302 | D:7      | Killed Gastronok
 10302 | D:7      | Reached skill level 7 in Fighting
 10302 | D:7      | Reached skill level 5 in Dodging
 10767 | D:8      | Noticed Maurice
 10777 | D:8      | Noticed an elephant
 10779 | D:8      | Killed Maurice
 10789 | D:8      | Noticed Psyche
 10829 | D:8      | Killed an elephant
 11087 | D:8      | Killed Psyche
 11217 | D:8      | Reached XP level 11. HP: 92/92 MP: 19/19
 11250 | D:8      | Noticed Prince Ribbit
 11259 | D:8      | Killed Prince Ribbit
 11296 | D:8      | Found a staircase to the Lair.
 11643 | D:8      | Reached * piety under Kikubaaqudgha
 11643 | D:8      | Identified Kikubaaqudgha's Collected Works on Unholy Magic (Kikubaaqudgha gifted it to you on level 8 of the Dungeon)
 11643 | D:8      | Received a gift from Kikubaaqudgha
 12388 | D:9      | Reached skill level 5 in Short Blades
 12498 | D:9      | Noticed a two-headed ogre
 12530 | D:9      | Killed a two-headed ogre
 12927 | D:9      | Noticed a two-headed ogre
 12942 | D:9      | Killed a two-headed ogre
 12942 | D:9      | Reached skill level 5 in Stealth
 12942 | D:9      | Reached skill level 5 in Conjurations
 13084 | D:9      | Noticed a two-headed ogre
 13094 | D:9      | Killed a two-headed ogre
 13094 | D:9      | Reached skill level 8 in Fighting
 13730 | D:10     | Entered Level 10 of the Dungeon
 14062 | D:10     | Reached ** piety under Kikubaaqudgha
 14202 | D:10     | Found a staircase to the Orcish Mines.
 14421 | D:10     | Reached skill level 5 in Air Magic
 14902 | D:11     | Noticed a red ugly thing
 14920 | D:11     | Killed a red ugly thing
 14960 | D:11     | Gained mutation: You have an increased reservoir of magic. (+10% MP) [potion of mutation]
 14960 | D:11     | Gained mutation: You are occasionally teleported next to monsters. [potion of mutation]
 14960 | D:11     | Gained mutation: You are weak. (Str -2) [potion of mutation]
 14960 | D:11     | Gained mutation: Your flesh is cold resistant. (rC+) [potion of mutation]
 14961 | D:11     | Lost mutation: Your flesh is cold resistant. (rC+) [mutagenic meat]
 14962 | D:11     | Gained mutation: You have a pair of small horns on your head. [mutagenic meat]
 14963 | D:11     | Lost mutation: You have a pair of small horns on your head. [mutagenic meat]
 14965 | D:11     | Lost mutation: You are weak. (Str -2) [potion of mutation]
 14965 | D:11     | Lost mutation: You have an increased reservoir of magic. (+10% MP) [potion of mutation]
 14965 | D:11     | Lost mutation: You are occasionally teleported next to monsters. [potion of mutation]
 14965 | D:11     | Gained mutation: Potions are less effective at restoring your health. [potion of mutation]
 14965 | D:11     | Gained mutation: You occasionally shout uncontrollably at your foes. [potion of mutation]
 14965 | D:11     | Gained mutation: You are clumsy. (Dex -2) [potion of mutation]
 14965 | D:11     | Gained mutation: You are resistant to hostile enchantments. (MR+) [potion of mutation]
 14997 | D:11     | Reached XP level 12. HP: 96/103 MP: 22/22
 15089 | D:11     | Reached *** piety under Kikubaaqudgha
 15089 | D:11     | Identified Kikubaaqudgha's Tome of Stolen Souls (Kikubaaqudgha gifted it to you on level 11 of the Dungeon)
 15089 | D:11     | Received a gift from Kikubaaqudgha
 15591 | D:11     | Noticed a five-headed hydra
 15955 | D:10     | Reached skill level 5 in Poison Magic
 16172 | D:10     | Learned a level 3 spell: Regeneration
 16226 | D:11     | Noticed a two-headed ogre
 16253 | D:11     | Killed a two-headed ogre
 16366 | D:11     | Reached skill level 1 in Necromancy
 16688 | D:12     | Reached **** piety under Kikubaaqudgha
 16848 | D:12     | Slain by an enormous slime creature

Vault maps used:
D:1:      dpeg_arrival_tiny_b
D:2:      uniq_robin
D:3:      chequers_ecumenical_altar_lobes
D:4:      okawaru_gym_becter
D:5:      nicolae_overflow_hidden_temple, basic_altar, first_bread, uniq_duvessa
D:6:      nicolae_ossuary_entry_monument, hangedman_decor_riveting,
          st_stairs_12, uniq_menkaure, uniq_edmund, uniq_pikel
D:7:      temple_hall, serial_shops, nicolae_shop_waterfront, basic_altar
D:8:      david_lair_generic, chequers_ossuary_entry_cave, uniq_prince_ribbit1,
          uniq_maurice, uniq_gastronok, uniq_psyche
D:9:      grunt_ogre_cave
D:10:     orc_0_dummy
Temple:   lightli_temple_of_artemis

Skill      XL: |  1  2  3  4  5  6  7  8  9 10 11 12 |
---------------+-------------------------------------+-----
Stealth        | 2 3 4 5 |  5.9
Dodging        | 2 3 4 5 6 |  6.5
Fighting       | 1 2 4 5 6 7 8 |  8.8
Shields        | 1 2 3 4 5 |  5.0
Maces & Flails | 1 |  1.4
Spellcasting   | 3 4 5 6 7 |  7.4
Charms         | 1 2 3 |  3.6
Short Blades   | 1 3 4 6 |  6.4
Ice Magic      | 4 5 6 |  6.1
Hexes          | 1 3 |  3.1
Conjurations   | 4 6 |  6.3
Air Magic      | 3 5 |  5.5
Poison Magic   | 4 5 |  5.0
Necromancy     | 1 |  1.8

Action                   |  1- 3 |  4- 6 |  7- 9 | 10-12 || total
-------------------------+-------+-------+-------+-------++-------
Melee: Unarmed           |   169 |       |       |       ||   169
       Tailslap          |    12 |    10 |    21 |    78 ||   121
       Club              |       |   181 |       |       ||   181
       Dagger            |       |    19 |   204 |   797 ||  1020
Throw: Stone             |     1 |     8 |    11 |    20 ||    40
 Cast: Freeze            |    46 |    31 |    74 |    26 ||   177
       Ozocubu's Armour  |     6 |     5 |    15 |    20 ||    46
       Ensorcelled Hiber |       |       |       |    24 ||    24
       Confuse           |       |       |       |    14 ||    14
       Mephitic Cloud    |       |       |       |    11 ||    11
 Abil: Breathe Lightning |       |       |    11 |     9 ||    20
Evoke: Wand              |       |       |       |     1 ||     1
  Use: Potion            |       |     4 |     7 |     5 ||    16
       Scroll            |       |     2 |     3 |     7 ||    12
 Stab: Sleeping          |     5 |     7 |     4 |    12 ||    28
       Distracted        |       |       |     1 |     1 ||     2
       Confused          |       |       |       |     5 ||     5
       Invisible         |       |       |       |     1 ||     1
  Eat: Chunk             |     7 |    21 |     8 |    13 ||    49
       Fruit             |       |       |       |     3 ||     3
       Royal jelly       |       |       |       |     9 ||     9
Armor: Skin              |    95 |    80 |    86 |   186 ||   447
Dodge: Dodged            |   151 |   142 |   151 |   426 ||   870
Block: Shield            |    36 |       |       |       ||    36
       Other             |       |     2 |    31 |       ||    33
       Reflection        |       |       |     3 |    25 ||    28
       Buckler           |       |       |    13 |   402 ||   415
